 Dungeon Crawl Stone Soup version 0.23-a0-667-gc184e93 (webtiles) character file.

4461 tilp the Spear-Bearer (level 10, 0/76 HPs)
             Began as a Merfolk Ice Elementalist on Jan 8, 2019.
             Was a Believer of Makhleb.
             Slain by a two-headed ogre
             ... wielding a +0 dire flail
              (12 damage)
             ... on level 9 of the Dungeon.
             The game lasted 00:39:04 (12373 turns).

tilp the Spear-Bearer (Merfolk Ice Elementalist)   Turns: 12373, Time: 00:39:05

Health: 0/76       AC: 13    Str: 13    XL:     10   Next: 37%
Magic:  7/13       EV: 15    Int: 17    God:    Makhleb [**....]
Gold:   93         SH:  0    Dex: 16    Spells: 5/13 levels left

rFire    . . .     SeeInvis .   a - +0 trident
rCold    . . .     Gourm    .   (no shield)
rNeg     . . .     Faith    .   t - +0 leather armour
rPois    .         Spirit   .   n - +1 helmet
rElec    .         Reflect  .   J - +1 cloak
rCorr    .         Harm     .   (no gloves)
MR       .....                  (no boots)
Stlth    ++........             m - amulet of the acrobat
HPRegen  0.22/turn              (no ring)
MPRegen  0.13/turn              (no ring)

@: mighty, icy armour, drained
A: change form in water, swift swim, stealthy swim
a: Minor Destruction, Renounce Religion


You were on level 9 of the Dungeon.
You worshipped Makhleb.
Makhleb was pleased with you.
You were not hungry.

You visited 2 branches of the dungeon, and saw 10 of its levels.

You collected 411 gold pieces.
You spent 318 gold pieces at shops.

Inventory:

Hand Weapons
 a - a +0 trident (weapon)
 b - a +0 hunting sling
 D - a +1 glaive
 M - the +7 long sword "Nopitu" {slice, rF++ Int-2 SInv}
   (You took it off an orc on level 8 of the Dungeon)

   It inflicts extra damage upon your enemies.
   It affects your intelligence (-2).
   It greatly protects you from fire.
   It lets you see invisible.
Missiles
 d - 199 stones
 v - a javelin
 y - 37 sling bullets
 I - 2 tomahawks (quivered)
Armour
 n - a +1 helmet (worn)
 t - a +0 leather armour (worn)
 C - the +0 cloak "Jioses" {*Corrode rN+++ Int-5 Dex+5}
   (You found it on level 6 of the Dungeon)

   It affects your intelligence (-5).
   It affects your dexterity (+5).
   It renders you almost immune to negative energy.
   It may corrode you when you take damage.
 J - a +1 cloak (worn)
 K - a +0 buckler
Jewellery
 m - an amulet of the acrobat (around neck)
 L - an uncursed ring of poison resistance {unknown}
Wands
 l - a wand of clouds (2)
 o - a wand of enslavement (5)
 p - a wand of flame (12)
 N - a wand of paralysis (2)
Scrolls
 e - a scroll of noise {unknown}
 f - a scroll of fog
 h - 2 scrolls of blinking
 i - 3 scrolls of immolation
 s - 7 scrolls of remove curse
 u - 3 scrolls of teleportation
 w - a scroll of amnesia
 x - a scroll of enchant weapon
 E - a scroll of silence {unknown}
 P - a scroll of magic mapping
Potions
 g - 3 potions of curing
 j - a potion of brilliance
 k - a potion of flight
 q - 2 potions of might
 z - a potion of resistance
 A - a potion of heal wounds {unknown}
 B - a potion of invisibility {unknown}
 G - a potion of magic {unknown}
 H - a potion of haste {unknown}
Comestibles
 c - 18 rations
 F - 7 chunks of flesh


   Skills:
 - Level 6.1(5.6) Fighting
 - Level 14.0(13.4) Polearms
 - Level 6.0(5.5) Dodging
 - Level 2.1(1.7) Stealth
 - Level 4.1(3.6) Shields
 - Level 2.0(1.5) Spellcasting
 - Level 0.7(0.3) Conjurations
 - Level 8.0(7.5) Ice Magic
 + Level 0.0 Invocations
 + Level 0.0 Evocations


You had 5 spell levels left.
You knew the following spells:

 Your Spells              Type           Power        Failure   Level  Hunger
a - Freeze                Ice            ####         1%          1    ##.....
b - Throw Frost           Conj/Ice       ##....       8%          2    ###....
c - Ozocubu's Armour      Chrm/Ice       ##......     17%         3    ####...
d - Ensorcelled Hibernat  Hex/Ice        ##....       9%          2    ###....

Your spell library contained the following spells:

 Spells                   Type           Power        Failure   Level  Hunger
 Shock                    Conj/Air       #...         24%         1    ##.....
 Confusing Touch          Hex            #.....       26%         1    ##.....
 Corona                   Hex            #......      26%         1    ##.....
 Swiftness                Chrm/Air       #.......     36%         2    ###....
 Throw Icicle             Conj/Ice       ##......     45%         4    #####..
 Summon Ice Beast         Ice/Summ       ##......     50%         4    #####..
 Dazzling Spray           Conj/Hex       #.....       58%         3    ####...
 Static Discharge         Conj/Air       #.......     58%         3    ####...
 Confuse                  Hex            #.......     61%         3    ####...
 Gell's Gravitas          Tloc           #.........   61%         3    ####...
 Tukima's Dance           Hex            #.......     61%         3    ####...
 Metabolic Englaciation   Hex/Ice        ##........   83%         5    ######.
 Airstrike                Air            #.........   95%         4    #####..
 Petrify                  Tmut/Erth      #.......     95%         4    #####..
 Lightning Bolt           Conj/Air       #.........   100%        5    ######.
 Yara's Violent Unravell  Hex/Tmut       #.........   100%        5    ######.


Dungeon Overview and Level Annotations

Branches:
Dungeon (9/15)             Temple (1/1) D:5
   Lair: D:8-11         Orc: D:9-12

Altars:
Ashenzari
Cheibriados
Dithmenos
Elyvilon
Fedhas
Gozag
Hepliaklqana
Kikubaaqudgha
Makhleb
Nemelex Xobeh
Okawaru
Qazlal
Ru
Sif Muna
Trog
Uskayaw
Vehumet
Wu Jian
Yredelemnul
Zin
The Shining One

Shops:
D:7 =   D:8 ?

Annotations:
D:3 Ijyb
D:6 2 runed doors, Protee's ghost, novice DrTm


Message History

Confirm with . or Enter, or press ? or * to list all spells.
Aiming: Freeze (safe; 1% risk of failure)
Press: ? - help, Shift-Dir - straight line, f/p - two-headed ogre
Aim: a two-headed ogre, wielding two +0 dire flails (noxious fumes, heavily You freeze the two-headed ogre.
The two-headed ogre is heavily wounded.
The two-headed ogre is engulfed in noxious fumes.
The two-headed ogre hits you with a +0 dire flail!
* * * LOW HITPOINT WARNING * * *
The two-headed ogre hits you but does no damage.
You feel better.
The two-headed ogre is engulfed in noxious fumes.
The two-headed ogre appears confused.
The two-headed ogre barely misses you.
The two-headed ogre hits you with a +0 dire flail.
* * * LOW HITPOINT WARNING * * *
You feel very mighty all of a sudden.
The two-headed ogre is engulfed in noxious fumes.
The two-headed ogre appears confused.
The two-headed ogre hits you with a +0 dire flail!
You die...

#.# #...# #)# #'##
#.# #.###### #.#
#.##.... #§#
##.##.### #§#
####...#.# # #.#
##.#...^..### #O#
#............
#@#####.###.##.###
#<.......##.##.# #
#######.###(##.###
### #.##....
#.###### #.# #.#
#.# #.#


You could see a two-headed ogre (confused).

Vanquished Creatures
  A wyvern (D:8)
  2 hungry ghosts
  3 ice beasts
  3 sky beasts
  2 black bears
  A phantom (D:4)
  4 ogres
  2 centaurs
  2 big kobolds (D:8)
  2 bullfrogs
  3 scorpions
  3 killer bees (D:8)
  16 wights
  A howler monkey (D:8)
  4 jellies
  An electric eel (D:6)
  2 crimson imps
  Crazy Yiuf (D:3)
  3 hounds
  5 orc priests
  11 orc wizards
  A centaur skeleton (D:8)
  2 iguanas
  8 worker ants
  A hound skeleton (D:6)
  Robin (D:2)
  23 adders
  3 shadow imps
  An ooze (D:2)
  4 adder skeletons
  An adder zombie (D:7)
  2 worms
  2 dart slugs
  6 leopard geckos
  26 orcs
  8 bats
  5 giant cockroaches
  20 goblins
  11 hobgoblins
  10 jackals
  12 kobolds
  2 quokkas
  A ball python (D:3)
  A frilled lizard (D:2)
  A jackal skeleton (D:4)
  A leopard gecko skeleton (D:5)
  A quokka skeleton (D:4)
  A quokka zombie (D:8)
  6 rats
  A spectral orc (D:2)
  4 fungi (D:6)
238 creatures vanquished.

Notes
Turn   | Place    | Note
-------+----------+-------------------------------------------
     0 | D:1      | tilp the Merfolk Ice Elementalist began the quest for the
                  | Orb.
     0 | D:1      | Reached XP level 1. HP: 13/13 MP: 3/3
   396 | D:1      | Reached XP level 2. HP: 19/19 MP: 3/5
   400 | D:1      | Learned a level 2 spell: Throw Frost
  1090 | D:1      | Reached XP level 3. HP: 23/24 MP: 1/6
  1476 | D:2      | Reached skill level 5 in Ice Magic
  1537 | D:2      | Found a white marble altar of Elyvilon.
  1618 | D:2      | Noticed Robin
  1669 | D:1      | Reached XP level 4. HP: 9/30 MP: 1/7
  1908 | D:2      | Learned a level 3 spell: Ozocubu's Armour
  2114 | D:2      | Found a sparkling altar of Nemelex Xobeh.
  2173 | D:2      | Found a shattered altar of Ashenzari.
  2177 | D:2      | Found an opulent altar of Gozag.
  2182 | D:2      | Found an iron altar of Okawaru.
  2331 | D:2      | Reached skill level 1 in Fighting
  2331 | D:2      | Reached XP level 5. HP: 25/37 MP: 0/8
  2488 | D:2      | Killed Robin
  2637 | D:2      | Found a basalt altar of Yredelemnul.
  2669 | D:2      | Found a glowing golden altar of the Shining One.
  2983 | D:3      | Found a sacrificial altar of Ru.
  2996 | D:3      | Noticed a +0 hand axe
  2996 | D:3      | Noticed a +0 hand axe
  2998 | D:3      | Found a hide-covered altar of Uskayaw.
  3291 | D:3      | Found a snail-covered altar of Cheibriados.
  3567 | D:3      | Reached skill level 1 in Polearms
  3567 | D:3      | Reached XP level 6. HP: 41/44 MP: 7/9
  3672 | D:3      | Noticed Ijyb
  3965 | D:3      | Found a runed door.
  4009 | D:4      | Reached skill level 2 in Polearms
  4137 | D:4      | Reached skill level 3 in Polearms
  4288 | D:4      | Reached XP level 7. HP: 50/50 MP: 3/10
  4320 | D:4      | Reached skill level 4 in Polearms
  4938 | D:4      | Reached skill level 5 in Polearms
  5723 | D:5      | Entered Level 5 of the Dungeon
  5860 | D:5      | Reached skill level 6 in Polearms
  6041 | D:5      | Reached XP level 8. HP: 6/56 MP: 1/11
  6565 | D:5      | Reached skill level 7 in Polearms
  7024 | D:5      | Reached skill level 8 in Polearms
  7075 | D:5      | Learned a level 2 spell: Ensorcelled Hibernation
  7138 | D:5      | Found a staircase to the Ecumenical Temple.
  7144 | Temple   | Entered the Ecumenical Temple
  7175 | Temple   | Became a worshipper of Makhleb the Destroyer
  7274 | D:6      | Found a stormy altar of Qazlal.
  7556 | D:6      | Reached skill level 9 in Polearms
  7682 | D:6      | Found a shadowy altar of Dithmenos.
  7810 | D:6      | Found a runed door.
  7820 | D:6      | Reached skill level 10 in Polearms
  7820 | D:6      | Noticed Protee's ghost (novice DrTm)
  7942 | D:6      | Reached skill level 11 in Polearms
  8129 | D:6      | Reached XP level 9. HP: 48/61 MP: 3/12
  8592 | D:6      | Reached skill level 12 in Polearms
  8759 | D:6      | Got a smoking cloak
  8802 | D:6      | Reached * piety under Makhleb
  8997 | D:6      | Found a runed door.
  9130 | D:3      | Noticed Crazy Yiuf
  9136 | D:3      | Killed Crazy Yiuf
  9651 | D:7      | Reached skill level 13 in Polearms
 10015 | D:7      | Found Umys's Jewellery Emporium.
 10173 | D:7      | Reached skill level 14 in Polearms
 10391 | D:7      | Reached skill level 5 in Dodging
 10700 | D:8      | Reached ** piety under Makhleb
 10707 | D:8      | Reached XP level 10. HP: 47/73 MP: 2/13
 10986 | D:8      | Reached skill level 5 in Fighting
 11160 | D:8      | Reached skill level 1 in Shields
 11632 | D:8      | Identified the +7 long sword "Nopitu" {slice, rF++ Int-2
                  | SInv}
 12073 | D:8      | Found Afyr's Magic Scroll Shop.
 12083 | D:8      | Bought a scroll of identify for 24 gold pieces
 12083 | D:8      | Bought a scroll of magic mapping for 42 gold pieces
 12083 | D:8      | Bought 2 scrolls of identify for 48 gold pieces
 12083 | D:8      | Bought a scroll of identify for 24 gold pieces
 12083 | D:8      | Bought a scroll of enchant armour for 90 gold pieces
 12083 | D:8      | Bought a scroll of enchant armour for 90 gold pieces
 12083 | D:8      | Identified the +0 cloak "Jioses" {*Corrode rN+++ Int-5
                  | Dex+5} (You found it on level 6 of the Dungeon)
 12164 | D:9      | Noticed a two-headed ogre
 12373 | D:9      | Slain by a two-headed ogre

Vault maps used:
D:1:      dpeg_arrival_simpleton_c, minmay_misc_feat_square, nrook_mini_vaults,
          st_stairs_3
D:2:      yredelemnul_forgotten_temple_becter, nicolae_overflow_crystal_walls,
          minmay_overflow_temple_star_quad, lemuel_round_altar, tso_metal_star,
          uniq_robin
D:3:      dancing_weapons_uskayaw, overflow_temple_1_default, first_ration,
          nicolae_ru_awakened_eye, uniq_ijyb, uniq_crazy_yiuf_cottage
D:4:      minmay_goblin_outpost
D:5:      minmay_temple_entry_hall, minmay_fractal_squares_5
D:6:      kennysheep_mini_moat, lemuel_crystal_altar, ebering_ghost_sewer_f,
          water_boxes_lemuel
D:7:      serial_shops, nicolae_shop_temple_entry_statues_fountains
D:8:      serial_shops, nicolae_shop_temple_entry_statues_fountains,
          blue_anna_alchemist
D:9:      erik_lair_island, basic_altar
Temple:   minmay_temple_bridge_abc

Skill      XL: |  1  2  3  4  5  6  7  8  9 10 |
---------------+-------------------------------+-----
Ice Magic      | 4 5 6 7 8 |  8.0
Fighting       | 1 2 4 6 |  6.1
Dodging        | 3 4 6 |  6.0
Polearms       | 1 3 6 11 14 | 14.0
Shields        | 4 |  4.1
Stealth        | |  2.1
Spellcasting   | |  2.0
Conjurations   | |  0.7

Action                   |  1- 3 |  4- 6 |  7- 9 | 10-12 || total
-------------------------+-------+-------+-------+-------++-------
Melee: Unarmed           |     1 |       |       |       ||     1
       Club              |     2 |       |       |       ||     2
       Dagger            |     6 |    21 |    34 |       ||    61
       Trident           |       |       |   527 |   159 ||   686
       Tailslap          |       |       |     1 |       ||     1
 Fire: Hunting sling     |    21 |    91 |    61 |       ||   173
Throw: Javelin           |       |       |    14 |     4 ||    18
       Stone             |       |       |     5 |     4 ||     9
       Tomahawk          |       |       |       |     1 ||     1
 Cast: Freeze            |    51 |    60 |   110 |    31 ||   252
       Ozocubu's Armour  |       |     1 |    29 |    13 ||    43
       Throw Frost       |       |       |     9 |     3 ||    12
Evoke: Wand              |       |       |    15 |     5 ||    20
  Use: Scroll            |     5 |       |     8 |     6 ||    19
       Potion            |       |       |       |     2 ||     2
 Stab: Sleeping          |       |     1 |     3 |     3 ||     7
       Distracted        |       |       |     3 |       ||     3
  Eat: Chunk             |     3 |     9 |    18 |     3 ||    33
       Ration            |       |       |     5 |     2 ||     7
Armor: Robe              |     5 |     8 |       |       ||    13
       Leather armour    |       |     2 |   102 |    24 ||   128
Dodge: Dodged            |    53 |    48 |   246 |    70 ||   417

Table legend:
 A = Non-vault XP
 B = Vault XP
 C = Vault XP percentage of total XP
 D = Non-vault monster count
 E = Vault monster count
 F = Vault count percentage of total count
                 A         B        C        D         E       F
            +---------+---------+-------+---------+---------+-------
      Total |    6133 |     241 |   3.8 |     206 |      28 |  12.0
            +---------+---------+-------+---------+---------+-------
        D:1 |      64 |       9 |  12.3 |      13 |       3 |  18.8
        D:2 |     137 |      38 |  21.7 |      25 |      14 |  35.9
        D:3 |     128 |      44 |  25.6 |      21 |       1 |   4.5
        D:4 |     583 |      10 |   1.7 |      26 |       5 |  16.1
        D:5 |     522 |      38 |   6.8 |      19 |       3 |  13.6
        D:6 |    1444 |       5 |   0.3 |      33 |       1 |   2.9
        D:7 |    1343 |       0 |   0.0 |      33 |       0 |   0.0
        D:8 |    1755 |      97 |   5.2 |      33 |       1 |   2.9
        D:9 |     157 |       0 |   0.0 |       3 |       0 |   0.0
            +---------+---------+-------+---------+---------+-------
